 Dungeon Crawl Stone Soup version 0.27-a0-1090-gb115f176c6 (webtiles) character file.

Game seed: 11144879171413216229

1330 karrick the Magician (level 8, -12/55 HPs)
             Began as a Djinni Fire Elementalist on Apr 27, 2021.
             Mangled by a wight
             ... wielding a +5 morningstar
              (21 damage)
             ... on level 6 of the Dungeon.
             The game lasted 00:12:04 (6938 turns).

karrick the Magician (Djinni Fire Elementalist)     Turns: 6938, Time: 00:12:05

Health: -12/55     AC:  4    Str:  9    XL:     8   Next: 60%
Gold:   186        EV: 13    Int: 18    God:
                   SH:  0    Dex: 13

rFire    + + +     SeeInvis .   b - +0 short sword
rCold    x . .     Faith    .   (no shield)
rNeg     . . .     Spirit   .   m - +0 robe {rC+}
rPois    ∞         Reflect  .   l - +1 helmet
rElec    .         Harm     .   (no cloak)
rCorr    .         Rampage  .   (no gloves)
Will     .....                  (boots unavailable)
Stlth    ++........             (no amulet)
HPRegen  0.18/turn              g - ring of fire
MPRegen  0.00/turn              (no ring)

@: flying
A: fire resistance 2, cold vulnerability 1, float, innate caster, hp casting,
extra vitality 1
a: no special abilities


You were on level 6 of the Dungeon.
You visited 1 branch of the dungeon, and saw 6 of its levels.

You collected 186 gold pieces.

Inventory:

Hand Weapons
 b - a +0 short sword (weapon)
 w - the +8 war axe of Siguip {venom, rF+ rC+ Dex+3}
   (You found it on level 5 of the Dungeon)

   It poisons the flesh of those it strikes.
   It affects your dexterity (+3).
   It protects you from fire.
   It protects you from cold.
Missiles
 a - 2 throwing nets
 r - 6 curare-tipped darts
Armour
 l - a +1 helmet (worn)
 m - a +0 robe of cold resistance (worn)
Jewellery
 g - a ring of fire (left hand)
 t - a ring of flight
Wands
 s - a wand of iceblast (5)
Scrolls
 f - 2 scrolls of blinking {unknown}
 h - a scroll of magic mapping {unknown}
 j - a scroll of identify {unknown}
 k - 3 scrolls of enchant armour {unknown}
 q - a scroll of noise {unknown}
 v - a scroll of holy word {unknown}
Potions
 c - a potion of flight {unknown}
 d - 3 potions of berserk rage {unknown}
 e - 2 potions of curing {unknown}
 i - 3 potions of heal wounds {unknown}
 n - a potion of degeneration {unknown}
 o - a potion of might {unknown}
 p - a potion of haste {unknown}
 u - a potion of ambrosia {unknown}


   Skills:
 + Level 2.3 Fighting
 + Level 2.2 Short Blades
 + Level 4.3 Dodging
 + Level 3.7 Stealth
 + Level 7.1 Spellcasting
 + Level 0.2 Evocations


You couldn't memorise any spells.
You knew the following spells:

 Your Spells              Type           Power      Damage    Failure   Level
a - Foxfire               Conj/Fire      100%       2x1d9     1%          1
b - Conjure Flame         Conj/Fire      48%        6-21      1%          3
c - Inner Flame           Hex/Fire       48%        N/A       1%          3
d - Sticky Flame          Conj/Fire      48%        2d7       5%          4
e - Fireball              Conj/Fire      24%        3d11      16%         5
f - Corona                Hex            35%        N/A       1%          1
g - Ensorcelled Hibernat  Hex/Ice        64%        N/A       1%          2
h - Stone Arrow           Conj/Erth      64%        3d11      1%          3
Your spell library was empty.

Dungeon Overview and Level Annotations

Branches:
Dungeon (6/15)
 Temple: D:4-7

Altars:
Qazlal

Annotations:
D:4 2 transporters, derath95's ghost, novice DECj


Innate Abilities, Weirdness & Mutations

You are immune to poison.
Your flesh is very heat resistant. (rF++)
You are vulnerable to cold. (rC-)
You float through the air rather than walking.
You learn spells naturally, not from books.
Your magical power is your life essence.
You have superior vitality. (+4 HP)


Message History

The wight is severely damaged.
The foxfire hits the wight but does no damage.
The wight is severely damaged.
The wight hits you with a +5 morningstar!!
Casting: Foxfire (safe; 1% risk of failure)
Confirm with . or Enter, or press ? or * to list all spells.
You feel a surge of power!
You conjure some foxfire!
The foxfire hits the wight.
The wight is almost destroyed.
The foxfire hits the wight but does no damage.
The wight is almost destroyed.
The wight misses you.
Casting: Foxfire (safe; 1% risk of failure)
Confirm with . or Enter, or press ? or * to list all spells.
You feel a surge of power!
You conjure some foxfire!
The foxfire hits the wight but does no damage.
The wight is almost destroyed.
The foxfire hits the wight but does no damage.
The wight is almost destroyed.
The wight hits you with a +5 morningstar.
* * * LOW HITPOINT WARNING * * *
Casting: Foxfire (safe; 1% risk of failure)
Confirm with . or Enter, or press ? or * to list all spells.
You feel a surge of power!
You conjure some foxfire!
* * * LOW HITPOINT WARNING * * *
The foxfire hits the wight but does no damage.
The wight is almost destroyed.
The foxfire hits the wight but does no damage.
The wight is almost destroyed.
The wight completely misses you.
Casting: Foxfire (safe; 1% risk of failure)
Confirm with . or Enter, or press ? or * to list all spells.
You feel a surge of power!
You conjure some foxfire!
* * * LOW HITPOINT WARNING * * *
The foxfire hits the wight but does no damage.
The wight is almost destroyed.
The foxfire hits the wight but does no damage.
The wight is almost destroyed.
The wight hits you with a +5 morningstar!!
You die...

#...# #...# #...#
#...# #...# #...#
#...# ### #v§§#.# ...#
# #.@v#.# .#.# #.
#.z##.# .#.# #.
#...#.# ....
#..##..#.# .#.# ##
#.^.).#.#..#.# ..
####.##.##.##.#<#.##.#
+[...................#
#####.#.##.#?.#.#.####
...........z..#z#...


You could see a wight (ally target).

Vanquished Creatures
  An ice beast (D:6)
  A black bear (D:5)
  An ogre (D:5)
  3 scorpions
  A water moccasin skeleton (D:5)
  2 wights (D:6)
  2 jellies
  A centaur zombie (D:5)
  A bullfrog zombie (D:5)
  A gnoll shaman (D:4)
  3 hounds (D:5)
  4 orc priests
  Ijyb (D:5)
  2 iguanas (D:5)
  An orc wizard (D:5)
  A scorpion zombie (D:5)
  A hound zombie (D:5)
  A howler monkey zombie (D:6)
  Robin (D:3)
  6 gnolls
  4 adders
  A shadow imp (D:5)
  A white imp (D:5)
  2 ufetubi
  An adder skeleton (D:4)
  2 worms (D:2)
  5 dart slugs
  12 orcs
  6 bats
  7 endoplasms
  4 giant cockroaches
  10 hobgoblins
  5 jackals
  6 kobolds
  4 quokkas
  5 ball pythons
  A frilled lizard (D:2)
  8 goblins
  5 rats
124 creatures vanquished.

Vanquished Creatures (others)
  502 foxfires
502 creatures vanquished.

Grand Total: 626 creatures vanquished

Notes
Turn   | Place    | Note
-------+----------+-------------------------------------------
     0 | D:1      | karrick the Djinni Fire Elementalist began the quest for
                  | the Orb.
     0 | D:1      | Reached XP level 1. HP: 15/15 MP: 0/0
   233 | D:1      | Reached XP level 2. HP: 17/21 MP: 0/0
   438 | D:1      | Reached skill level 3 in Spellcasting
   626 | D:1      | You are sucked into a shaft and drop 1 floor!
   789 | D:1      | Reached XP level 3. HP: 24/25 MP: 0/0
   789 | D:1      | Learned a level 1 spell: Corona
  1020 | D:1      | Found a faded altar of an unknown god.
  2007 | D:2      | Reached XP level 4. HP: 29/31 MP: 0/0
  2546 | D:3      | Reached skill level 1 in Short Blades
  2546 | D:3      | Reached XP level 5. HP: 31/36 MP: 0/0
  2546 | D:3      | Learned a level 2 spell: Ensorcelled Hibernation
  2591 | D:3      | Reached skill level 4 in Spellcasting
  2728 | D:3      | Noticed Robin
  2745 | D:3      | Killed Robin
  3283 | D:3      | Reached XP level 6. HP: 38/41 MP: 0/0
  3582 | D:4      | Reached skill level 1 in Fighting
  3901 | D:4      | Found a transporter.
  3905 | D:4      | Found a transporter.
  3905 | D:4      | Noticed derath95's ghost (novice DECj)
  4185 | D:4      | You are sucked into a shaft and drop 1 floor!
  4185 | D:5      | Entered Level 5 of the Dungeon
  4332 | D:5      | Reached skill level 5 in Spellcasting
  4334 | D:5      | Reached XP level 7. HP: 17/47 MP: 0/0
  4334 | D:5      | Learned a level 3 spell: Stone Arrow
  5142 | D:5      | Noticed Ijyb
  5150 | D:5      | Killed Ijyb
  5406 | D:5      | Noticed a fire elemental
  5407 | D:5      | Found a stormy altar of Qazlal.
  5441 | D:5      | Noticed an air elemental
  5441 | D:5      | Noticed a water elemental
  5456 | D:5      | Reached skill level 6 in Spellcasting
  5711 | D:5      | Reached XP level 8. HP: 39/52 MP: 0/0
  6544 | D:5      | Identified the +8 war axe of Siguip {venom, rF+ rC+ Dex+3}
  6561 | D:6      | Reached skill level 7 in Spellcasting
  6593 | D:6      | Noticed a troll
  6938 | D:6      | Mangled by a wight

Illustrated notes

Levels and vault maps discovered:
D:1:      ncdulo_watergridlock, layout_loops_cross, ebering_ecumenical_altar_box
D:2:      layout_rooms, serial_aquarium, aquarium_bridge_island_small
          [aquarium_subvault_small_open, aquarium_subvault_bridge,
          aquarium_subvault_wall, aquarium_subvault_window,
          aquarium_subvault_wall], aquarium_window_2, aquarium_window_1,
          aquarium_window_2, aquarium_window_1, aquarium_view_2b,
          aquarium_view_2a, aquarium_balcony_5b
D:3:      layout_loops_cross, uniq_robin
D:4:      layout_cave_pods, gammafunk_ghost_arena
D:5:      cheibrodos_barr_body, layout_cave_pools,
          nicolae_qazlal_style_of_elements, uniq_ijyb
D:6:      layout_basic, minmay_temple_entry_slanted, minmay_strange_pillars,
          minmay_fractal_squares_5

Skill      XL: |  1  2  3  4  5  6  7  8 |
---------------+-------------------------+-----
Spellcasting   | 3 4 5 6 7 |  7.1
Dodging        | 3 4 |  4.3
Stealth        | 2 3 |  3.7
Short Blades   | 1 2 |  2.2
Fighting       | 1 2 |  2.3
Evocations     | |  0.2

Action                   |  1- 3 |  4- 6 |  7- 9 || total
-------------------------+-------+-------+-------++-------
Melee: Unarmed           |     4 |       |       ||     4
       Short sword       |     7 |     6 |     7 ||    20
       War axe           |       |       |     1 ||     1
 Cast: Foxfire           |    57 |   118 |   127 ||   302
Evoke: Wand              |       |       |     3 ||     3
Armor: Robe              |    11 |     3 |    16 ||    30
Dodge: Dodged            |    36 |    22 |    57 ||   115

Table legend: (Time is in decaauts)
 A = Elapsed time spent in this place.
 B = Non-inter-level travel time spent in this place.
 C = Inter-level travel time spent in this place.
 D = Time resting spent in this place.
 E = Time spent auto-exploring this place.
 F = Levels seen in this place.
 G = Mean time per level.
                   A        B        C        D        E       F      G
               +--------+--------+--------+--------+--------+-----+--------+
         Total |   6946 |   6705 |    241 |    179 |   5532 |   6 | 1157.7 |
       Dungeon |   6946 |   6705 |    241 |    179 |   5532 |   6 | 1157.7 |
               +--------+--------+--------+--------+--------+-----+--------+

Top non-repeatable levels by time:
     D:5: 1704 daAuts
     D:1: 1686 daAuts
     D:4: 1406 daAuts
     D:3: 1090 daAuts
     D:2: 763 daAuts
     D:6: 294 daAuts
